 Dungeon Crawl Stone Soup version 0.25-a0-425-g0e000e855e (console) character file.

Game seed: 8686033611388063401, levelgen mode: deterministic

11 Asser the Caller (level 2, 0/15 HPs)
             Began as a Tengu Summoner on Jan 24, 2020.
             Slain by a hobgoblin (2 damage)
             ... on level 1 of the Dungeon.
             The game lasted 00:02:34 (221 turns).

Asser the Caller (Tengu Summoner)                    Turns: 221, Time: 00:02:35

Health: 0/15       AC:  2    Str:  8    XL:     2   Next: 29%
Magic:  0/6        EV: 12    Int: 15    God:
Gold:   0          SH:  0    Dex: 14    Spells: 4/5 levels left

rFire    . . .     SeeInvis .   (no weapon)
rCold    . . .     Gourm    .   (no shield)
rNeg     . . .     Faith    .   a - +0 robe
rPois    .         Spirit   .   (helmet restricted)
rElec    .         Reflect  .   (no cloak)
rCorr    .         Harm     .   (no gloves)
MR       .....                  (boots unavailable)
Stlth    ++........             (no amulet)
HPRegen  0.05/turn              (no ring)
MPRegen  0.10/turn              (no ring)

@: no status effects
A: beak, talons 3
a: no special abilities


You were on level 1 of the Dungeon.
You were not hungry.

You visited 1 branch of the dungeon, and saw 1 of its levels.

Inventory:

Armour
 a - a +0 robe (worn)
Scrolls
 b - a scroll of fear {unknown}
Comestibles
 c - a ration


   Skills:
 + Level 2.2 Dodging
 + Level 2.0 Stealth
 + Level 2.2 Spellcasting
 + Level 5.3 Summonings


You had 4 spell levels left.
You knew the following spells:

 Your Spells              Type           Power        Failure   Level  Hunger
a - Summon Small Mammal   Summ           ###.         2%          1    #......

Your spell library contained the following spells:

 Spells                   Type           Power        Failure   Level  Hunger
 Call Imp                 Summ           ###.....     3%          2    ###....
 Call Canine Familiar     Summ           ###.....     8%          3    ###....
 Summon Guardian Golem    Hex/Summ       #.......     22%         3    ###....
 Summon Ice Beast         Ice/Summ       #.......     58%         4    #####..
 Summon Lightning Spire   Summ/Air       #.......     58%         4    #####..


Dungeon Overview and Level Annotations

Branches:
Dungeon (1/15)

Altars:


Innate Abilities, Weirdness & Mutations

You have a beak for a mouth.
You have claws for feet.


Message History

Your rat bites the dart slug.
The dart slug dies!
Your quokka bites the hobgoblin but does no damage.
Your bat barely misses the hobgoblin.
The hobgoblin closely misses you.
Your bat closely misses the hobgoblin.
Your quokka bites the hobgoblin but does no damage.
The hobgoblin hits you.
Your quokka barely misses the hobgoblin.
Your bat hits the hobgoblin but does no damage.
The hobgoblin hits you.
* * * LOW HITPOINT WARNING * * *
Your quokka barely misses the hobgoblin.
Your bat hits the hobgoblin but does no damage. x2
Your quokka bites the hobgoblin but does no damage.
The hobgoblin closely misses you.
Your bat hits the hobgoblin but does no damage.
You swap places.
Your bat hits the hobgoblin but does no damage. x2
The hobgoblin hits you.
You die...

#....≈..##########
#....≈............
#....≈≈≈≈≈≈≈≈≈≈≈≈≈
#................≈
################## .
#.#.>##..... .# ##
######.##........ ....
................. #..
########.###.....
.####.#########..###....
.......@.........# #....
#####.##gb.#####.# #....
#.##r### #.# #....
###....# #.##.....
#...†### ##....# ..
#.##..# ##..#### # ##.#
#...# #.######.#.#
#........#.#
##r.#######.# #.(.# #.#


You could see a hobgoblin, a friendly quokka and a friendly bat.

Vanquished Creatures (collateral kills)
  2 oozes (D:1)
  2 dart slugs (D:1)
  A giant cockroach (D:1)
  A goblin (D:1)
  2 kobolds (D:1)
  A rat (D:1)
9 creatures vanquished.

Notes
Turn   | Place    | Note
-------+----------+-------------------------------------------
     0 | D:1      | Asser the Tengu Summoner began the quest for the Orb.
     0 | D:1      | Reached XP level 1. HP: 10/10 MP: 4/4
    53 | D:1      | Reached skill level 5 in Summonings
   112 | D:1      | Reached XP level 2. HP: 14/15 MP: 1/6
   221 | D:1      | Slain by a hobgoblin

Levels and vault maps discovered:
D:1:      erik_arrival_gehennom, layout_rooms, fountainhead

Skill      XL: |  1 |
---------------+----+-----
Summonings     | 5 |  5.3
Dodging        | |  2.2
Stealth        | |  2.0
Spellcasting   | |  2.2

Action                   || total
-------------------------++-------
Melee: Unarmed           ||     2
       Kick              ||     1
 Cast: Summon Small Mamm ||    23
Dodge: Dodged            ||    18

Table legend:
 A = Non-vault XP
 B = Vault XP
 C = Vault XP percentage of total XP
 D = Non-vault monster count
 E = Vault monster count
 F = Vault count percentage of total count
                 A         B        C        D         E       F
            +---------+---------+-------+---------+---------+-------
      Total |       6 |      11 |  64.7 |       4 |       5 |  55.6
            +---------+---------+-------+---------+---------+-------
        D:1 |       6 |      11 |  64.7 |       4 |       5 |  55.6
            +---------+---------+-------+---------+---------+-------
